PAA
DURHAM RAPIERS @ CASPER GHOSTS
07/30/2023
 
TOP OF THE 1ST
Durham Rapiers batting - Pitching for Casper Ghosts : LHP António Castillo
Pitching: LHP António Castillo
Batting: RHB Esteban Garza 0-0: Ball
1-0: Ball
2-0: Ball
3-0: Base on Balls
Batting: RHB Kevin Sanderson 0-0: Ball
1-0: Foul Ball, location: 2F
1-1: SINGLE (Line Drive, 7S)
Esteban Garza to second
Batting: SHB Brent Adams 0-0: Called Strike
Esteban Garza steals 3rd base
Kevin Sanderson to second
0-1: Called Strike
0-2: Ball
1-2: Ball
2-2: Foul Ball, location: 2F
2-2: Ball
3-2: Base on Balls
Batting: RHB Augusto Flores 0-0: Ball
1-0: Called Strike
1-1: Foul Ball, location: 2F
1-2: Ball
2-2: Grounds into double play, 5-4-3 (Groundball, 56)
Esteban Garza scores
Kevin Sanderson to third
Batting: RHB Caleb Lee 0-0: Foul Ball, location: 2F
0-1: Foul Ball, location: 2F
0-2: Ball
1-2: Foul Ball, location: 2F
1-2: Ball
2-2: Foul Ball, location: 2F
2-2: Ball
3-2: Strikes out swinging
Top of the 1st over - 1 run(s), 1 hit(s), 0 error(s), 1 left on base; Durham 1 - Casper 0
BOTTOM OF THE 1ST
Casper Ghosts batting - Pitching for Durham Rapiers : RHP Gustavo Pérez
Pitching: RHP Gustavo Pérez
Batting: RHB Henry Appleby 0-0: Ball
1-0: Ball
2-0: Ball
3-0: Called Strike
3-1: Called Strike
3-2: Foul Ball, location: 2F
3-2: Base on Balls
Batting: RHB Félix Ramos 0-0: Ball
1-0: Swinging Strike
1-1: Swinging Strike
1-2: Strikes out swinging
Batting: LHB Mysterious Walker 0-0: Ball
1-0: Called Strike
1-1: SINGLE (Line Drive, 89M)
Henry Appleby to second
Batting: RHB Warner Robinson 0-0: Fly out, F4 (Popup, 4D)
Batting: SHB José Juárez 0-0: Called Strike
0-1: Ball
1-1: Called Strike
1-2: SINGLE (Line Drive, 34D)
Henry Appleby to third
Mysterious Walker to second
Runner from 3rd tries for Home, throw and OUT!
Bottom of the 1st over - 0 run(s), 2 hit(s), 0 error(s), 2 left on base; Durham 1 - Casper 0
TOP OF THE 2ND
Durham Rapiers batting - Pitching for Casper Ghosts : LHP António Castillo
Batting: LHB Davis Anderson 0-0: Called Strike
0-1: Bunted foul
0-2: Foul Ball, location: 2F
0-2: Ball
1-2: Ball
2-2: Strikes out swinging
Batting: RHB Luis Dávila 0-0: Ground out 4-3 (Groundball, 34)
Batting: RHB Jorge López 0-0: Ball
1-0: Ball
2-0: Called Strike
2-1: Ball
3-1: Called Strike
3-2: Foul Ball, location: 2F
3-2: Base on Balls
Batting: RHB António Díaz 0-0: Ball
1-0: Ball
2-0: Ball
3-0: Called Strike
3-1: Base on Balls
Jorge López to second
Batting: RHB Esteban Garza 0-0: Ball
1-0: Ball
2-0: Swinging Strike
2-1: DOUBLE (Line Drive, 89XD)
Jorge López scores
António Díaz to third
Runner from 3rd tries for Home, SAFE, no throw or cutoff
Batting: RHB Kevin Sanderson 0-0: Ball
1-0: Foul Ball, location: 2F
1-1: SINGLE (Line Drive, 7LS)
Esteban Garza to third
Runner from 3rd tries for Home, SAFE, no throw or cutoff
Batting: SHB Brent Adams 0-0: Foul Ball, location: 2F
0-1: Ball
Kevin Sanderson is caught stealing 2nd base
Top of the 2nd over - 3 run(s), 2 hit(s), 0 error(s), 0 left on base; Durham 4 - Casper 0
BOTTOM OF THE 2ND
Casper Ghosts batting - Pitching for Durham Rapiers : RHP Gustavo Pérez
Batting: RHB Mark Davis 0-0: Ball
1-0: Swinging Strike
1-1: Fly out, F8 (Flyball, 8LM)
Batting: RHB Dave Young 0-0: Ball
1-0: Foul Ball, location: 2F
1-1: Swinging Strike
1-2: Fly out, F3 (Popup, 13)
Batting: RHB Lorenzo Díaz 0-0: Foul Ball, location: 2F
0-1: SINGLE (Groundball, 34D)
Batting: RHB Ron Coffman 0-0: Ball
1-0: Ball
2-0: Swinging Strike
2-1: Swinging Strike
2-2: Foul Ball, location: 2F
2-2: Foul Ball, location: 2F
2-2: Ball
3-2: Base on Balls
Lorenzo Díaz to second
Batting: RHB Henry Appleby 0-0: Ball
1-0: Foul Ball, location: 2F
1-1: Ball
2-1: Called Strike
2-2: Foul Ball, location: 2F
2-2: Ball
3-2: Base on Balls
Lorenzo Díaz to third
Ron Coffman to second
Batting: RHB Félix Ramos 0-0: Called Strike
0-1: Ball
1-1: Fly out, F4 (Popup, 8RS)
Bottom of the 2nd over - 0 run(s), 1 hit(s), 0 error(s), 3 left on base; Durham 4 - Casper 0
TOP OF THE 3RD
Durham Rapiers batting - Pitching for Casper Ghosts : LHP António Castillo
Batting: SHB Brent Adams 0-0: Swinging Strike
0-1: SINGLE (Line Drive, 8RS)
Batting: RHB Augusto Flores 0-0: Called Strike
0-1: Ball
1-1: Foul Ball, location: 2F
1-2: Fly out, F8 (Flyball, 89D)
Batting: RHB Caleb Lee 0-0: SINGLE (Groundball, 56D)
Brent Adams to second
Batting: LHB Davis Anderson 0-0: Ball
1-0: Swinging Strike
1-1: Called Strike
1-2: Ball
2-2: SINGLE (Line Drive, 9LS)
Brent Adams to third
Caleb Lee to second
Batting: RHB Luis Dávila 0-0: Ball
1-0: Swinging Strike
1-1: Ball
2-1: Ball
3-1: Fly out, F9 (Popup, 34D)
Batting: RHB Jorge López 0-0: Called Strike
0-1: Fly out, F7 (Flyball, 7M)
Top of the 3rd over - 0 run(s), 3 hit(s), 0 error(s), 3 left on base; Durham 4 - Casper 0
BOTTOM OF THE 3RD
Casper Ghosts batting - Pitching for Durham Rapiers : RHP Gustavo Pérez
Batting: LHB Mysterious Walker 0-0: TRIPLE (Line Drive, 9LM)
Batting: RHB Warner Robinson 0-0: Ball
1-0: Called Strike
1-1: Hit by Pitch
Batting: SHB José Juárez 0-0: Hit by Pitch
Warner Robinson to second
Batting: RHB Mark Davis 0-0: Foul Ball, location: 2F
0-1: Ball
1-1: Ball
2-1: Fly out, F8 (Flyball, 89XD)
Runner from 3rd tags up, SCORES, no throw
Warner Robinson to third
Batting: RHB Dave Young 0-0: Ball
1-0: DOUBLE (Line Drive, 5L)
Warner Robinson scores
José Juárez to third
Batting: RHB Lorenzo Díaz 0-0: Foul Ball, location: 2F
0-1: Fly out, F8 (Flyball, 8RM)
Runner from 3rd tags up, SCORES, throw made
Batting: RHB Ron Coffman 0-0: Ground out 5-3 (Groundball, 56)
Bottom of the 3rd over - 3 run(s), 2 hit(s), 0 error(s), 1 left on base; Durham 4 - Casper 3
TOP OF THE 4TH
Durham Rapiers batting - Pitching for Casper Ghosts : LHP António Castillo
Batting: RHB António Díaz 0-0: Ball
1-0: Called Strike
1-1: Foul Ball, location: 2F
1-2: Ball
2-2: Strikes out looking
Batting: RHB Esteban Garza 0-0: Foul Ball, location: 2F
0-1: Foul Ball, location: 2F
0-2: Foul Ball, location: 2F
0-2: Foul Ball, location: 2F
0-2: Ball
1-2: Strikes out swinging
Batting: RHB Kevin Sanderson 0-0: Called Strike
0-1: Foul Ball, location: 2F
0-2: Foul Ball, location: 2F
0-2: Ball
1-2: SINGLE (Line Drive, 56D)
Pitching: RHP Ethan Martin
Batting: SHB Brent Adams 0-0: Called Strike
0-1: Ball
1-1: Fly out, F8 (Flyball, 78M)
Top of the 4th over - 0 run(s), 1 hit(s), 0 error(s), 1 left on base; Durham 4 - Casper 3
BOTTOM OF THE 4TH
Casper Ghosts batting - Pitching for Durham Rapiers : RHP Gustavo Pérez
Batting: RHB Henry Appleby 0-0: Ball
1-0: Ball
2-0: Called Strike
2-1: Ball
3-1: Base on Balls
Batting: RHB Félix Ramos 0-0: Ball
1-0: Foul Ball, location: 2F
1-1: Ball
2-1: SINGLE (Line Drive, 4MD)
Henry Appleby to second
Batting: LHB Mysterious Walker 0-0: Called Strike
0-1: Foul Ball, location: 2F
0-2: Ball
1-2: Ground out 5-3 (Groundball, 15S)
Henry Appleby to third
Félix Ramos to second
Batting: RHB Warner Robinson 0-0: Called Strike
0-1: Ball
1-1: Called Strike
1-2: Ground out 4-3 (Groundball, 4)
Henry Appleby scores
Félix Ramos to third
Batting: SHB José Juárez 0-0: Called Strike
0-1: Fly out, F7 (Flyball, 7LMF)
Bottom of the 4th over - 1 run(s), 1 hit(s), 0 error(s), 1 left on base; Durham 4 - Casper 4
TOP OF THE 5TH
Durham Rapiers batting - Pitching for Casper Ghosts : RHP Ethan Martin
Batting: RHB Augusto Flores 0-0: SINGLE (Groundball, 56D)
Batting: RHB Caleb Lee 0-0: Called Strike
0-1: Ball
1-1: Called Strike
1-2: Strikes out swinging
Batting: LHB Davis Anderson 0-0: DOUBLE (Flyball, 8LXD)
Augusto Flores to third
Batting: RHB Luis Dávila 0-0: Swinging Strike
0-1: Ball
1-1: Foul Ball, location: 2F
1-2: Strikes out swinging
Batting: RHB Jorge López 0-0: Foul Ball, location: 2F
0-1: Ball
1-1: DOUBLE (Line Drive, 7LM)
Augusto Flores scores
Davis Anderson scores
Batting: RHB António Díaz 0-0: Ball
1-0: Ball
2-0: Called Strike
2-1: Ball
3-1: Foul Ball, location: 2F
3-2: Strikes out swinging
Top of the 5th over - 2 run(s), 3 hit(s), 0 error(s), 1 left on base; Durham 6 - Casper 4
BOTTOM OF THE 5TH
Casper Ghosts batting - Pitching for Durham Rapiers : RHP Gustavo Pérez
Batting: RHB Mark Davis 0-0: Ball
1-0: Called Strike
1-1: Swinging Strike
1-2: Foul Ball, location: 2F
1-2: Strikes out swinging
Batting: RHB Dave Young 0-0: Foul Ball, location: 2F
0-1: Foul Ball, location: 2F
0-2: Ball
1-2: Ball
2-2: Fly out, F6 (Line Drive, 6M)
Batting: RHB Lorenzo Díaz 0-0: Foul Ball, location: 2F
0-1: Ball
1-1: SINGLE (Groundball, 34S)
Batting: RHB Ron Coffman 0-0: Called Strike
0-1: Foul Ball, location: 2F
0-2: Ball
1-2: Foul Ball, location: 2F
1-2: Ball
2-2: SINGLE (Flyball, 78S)
Lorenzo Díaz to second
Batting: RHB Henry Appleby 0-0: Foul Ball, location: 2F
0-1: Called Strike
0-2: Foul Ball, location: 2F
0-2: Foul Ball, location: 2F
0-2: Ball
1-2: Strikes out swinging
Bottom of the 5th over - 0 run(s), 2 hit(s), 0 error(s), 2 left on base; Durham 6 - Casper 4
TOP OF THE 6TH
Durham Rapiers batting - Pitching for Casper Ghosts : RHP Ethan Martin
Batting: RHB Esteban Garza 0-0: Called Strike
0-1: Swinging Strike
0-2: Ball
1-2: Fly out, F3 (Popup, 3SF)
Batting: RHB Kevin Sanderson 0-0: Ball
1-0: Foul Ball, location: 2F
1-1: Ball
2-1: Called Strike
2-2: Strikes out swinging
Batting: SHB Brent Adams 0-0: Called Strike
0-1: Ground out 3-1 (Groundball, 34)
Top of the 6th over - 0 run(s), 0 hit(s), 0 error(s), 0 left on base; Durham 6 - Casper 4
BOTTOM OF THE 6TH
Casper Ghosts batting - Pitching for Durham Rapiers : RHP Gustavo Pérez
Batting: RHB Félix Ramos 0-0: SINGLE (Groundball, 56D)
Batting: LHB Mysterious Walker 0-0: Ball
1-0: Swinging Strike
1-1: Foul Ball, location: 2F
1-2: Foul Ball, location: 2F
1-2: Strikes out looking
Batting: RHB Warner Robinson 0-0: Called Strike
0-1: Ball
1-1: Called Strike
1-2: Ball
2-2: Ball
3-2: Strikes out looking
Pitching: LHP Henry Vandenberg
Batting: SHB José Juárez 0-0: Ball
1-0: DOUBLE (Line Drive, 7LM)
Félix Ramos to third
Batting: RHB Mark Davis 0-0: Fly out, F6 (Popup, 6MS)
Bottom of the 6th over - 0 run(s), 2 hit(s), 0 error(s), 2 left on base; Durham 6 - Casper 4
TOP OF THE 7TH
Durham Rapiers batting - Pitching for Casper Ghosts : RHP Ethan Martin
Batting: RHB Augusto Flores 0-0: Ball
1-0: SINGLE (Groundball, 56D)
Batting: RHB Caleb Lee 0-0: Hit by Pitch
Augusto Flores to second
Batting: LHB Davis Anderson 0-0: Sac Bunt - play at first, batter OUT! 1-4
Augusto Flores to third
Caleb Lee to second
Batting: RHB Luis Dávila 0-0: Fly out, F3 (Line Drive, 3)
Pinch Hitting: LHB Mayer Röhricht 0-0: Ball
1-0: Called Strike
1-1: Ball
2-1: Swinging Strike
2-2: Strikes out looking
Top of the 7th over - 0 run(s), 1 hit(s), 0 error(s), 2 left on base; Durham 6 - Casper 4
BOTTOM OF THE 7TH
Casper Ghosts batting - Pitching for Durham Rapiers : LHP Henry Vandenberg
Now in RF: Mayer Röhricht
Batting: RHB Dave Young 0-0: Called Strike
0-1: Fly out, F6 (Popup, 56D)
Batting: RHB Lorenzo Díaz 0-0: Called Strike
0-1: Fly out, F5 (Popup, 25)
Batting: RHB Ron Coffman 0-0: SINGLE (Flyball, 8LS)
Batting: RHB Henry Appleby 0-0: Called Strike
0-1: Swinging Strike
0-2: Strikes out looking
Bottom of the 7th over - 0 run(s), 1 hit(s), 0 error(s), 1 left on base; Durham 6 - Casper 4
TOP OF THE 8TH
Durham Rapiers batting - Pitching for Casper Ghosts : RHP Ethan Martin
Batting: RHB António Díaz 0-0: Called Strike
0-1: Ground out 5-3 (Groundball, 5S)
Batting: RHB Esteban Garza 0-0: Called Strike
0-1: Fly out, F6 (Popup, 7S)
Batting: RHB Kevin Sanderson 0-0: Called Strike
0-1: SINGLE (Line Drive, 6D)
Batting: SHB Brent Adams 0-0: Ball
1-0: Called Strike
1-1: Ball
2-1: Swinging Strike
2-2: Fly out, F2 (Popup, 2LF)
Top of the 8th over - 0 run(s), 1 hit(s), 0 error(s), 1 left on base; Durham 6 - Casper 4
BOTTOM OF THE 8TH
Casper Ghosts batting - Pitching for Durham Rapiers : LHP Henry Vandenberg
Batting: RHB Félix Ramos 0-0: Ball
1-0: Swinging Strike
1-1: Ground out 6-3 (Groundball, 6M)
Batting: LHB Mysterious Walker 0-0: Ball
1-0: Swinging Strike
1-1: Called Strike
1-2: Foul Ball, location: 2F
1-2: Strikes out swinging
Batting: RHB Warner Robinson 0-0: SINGLE (Groundball, 56D) (infield hit)
Batting: SHB José Juárez 0-0: Ball
1-0: Called Strike
1-1: Fly out, F4 (Line Drive, 4)
Bottom of the 8th over - 0 run(s), 1 hit(s), 0 error(s), 1 left on base; Durham 6 - Casper 4
TOP OF THE 9TH
Durham Rapiers batting - Pitching for Casper Ghosts : RHP Ethan Martin
Pitching: LHP Jim Unknown
Batting: RHB Augusto Flores 0-0: Ball
1-0: Ball
2-0: Foul Ball, location: 2F
2-1: Swinging Strike
2-2: Ball
3-2: SOLO HOME RUN (Flyball, 8LXD), Distance : 443 ft
Batting: RHB Caleb Lee 0-0: Fly out, F8 (Flyball, 8RM)
Batting: LHB Davis Anderson 0-0: Swinging Strike
0-1: Foul Ball, location: 2F
0-2: Strikes out swinging
Batting: RHB Luis Dávila 0-0: Ball
1-0: Swinging Strike
1-1: Ball
2-1: Swinging Strike
2-2: Ball
3-2: Foul Ball, location: 2F
3-2: Base on Balls
Batting: LHB Mayer Röhricht 0-0: Ball
1-0: DOUBLE (Flyball, 78D)
Luis Dávila to third
Runner from 3rd tries for Home, SAFE, no throw or cutoff
Batting: RHB António Díaz 0-0: Foul Ball, location: 2F
0-1: Foul Ball, location: 2F
0-2: Foul Ball, location: 2F
0-2: Foul Ball, location: 2F
0-2: Foul Ball, location: 2F
0-2: Strikes out swinging
Top of the 9th over - 2 run(s), 2 hit(s), 0 error(s), 1 left on base; Durham 8 - Casper 4
BOTTOM OF THE 9TH
Casper Ghosts batting - Pitching for Durham Rapiers : LHP Henry Vandenberg
Pitching: RHP Luis Cardona
Batting: RHB Mark Davis 0-0: Ground out 1-3 (Groundball, 13)
Batting: RHB Dave Young 0-0: Foul Ball, location: 2F
0-1: Ball
1-1: Ball
2-1: Ball
3-1: Base on Balls
Batting: RHB Lorenzo Díaz 0-0: Ball
1-0: Called Strike
1-1: Ball
2-1: Foul Ball, location: 2F
2-2: Ball
3-2: Strikes out swinging
Batting: RHB Ron Coffman 0-0: Swinging Strike
0-1: Ball
1-1: Ball
2-1: Foul Ball, location: 2F
2-2: Strikes out looking
Bottom of the 9th over - 0 run(s), 0 hit(s), 0 error(s), 1 left on base; Durham 8 - Casper 4
This league is powered by Out of the Park Baseball, the baseball management simulation game for PC, Mac and Linux
Friday, July 8th, 2016 - OOTP Baseball 16.9 Build 39